 Dungeon Crawl Stone Soup version 0.27.1-33-g824d729ab1 (webtiles) character file.

Game seed: 9562966141050540025

60 Grabarz the Ruffian (level 3, 0/27 HPs)
             Began as a Demigod Transmuter on Dec 3, 2021.
             Slain by a gnoll (2 damage)
             ... on level 2 of the Dungeon.
             The game lasted 00:13:02 (2858 turns).

Grabarz the Ruffian (Demigod Transmuter)            Turns: 2858, Time: 00:13:02

Health: 0/27       AC:  7    Str: 15      XL:     3   Next: 57%
Magic:  7/8        EV: 12    Int: 14 (15) God:
Gold:   52         SH:  0    Dex: 13 (14) Spells: 4/6 levels left

rFire    . . .     SeeInvis .     - Unarmed
rCold    . . .     Faith    .   (no shield)
rNeg     . . .     Spirit   .   a - +1 robe
rPois    .         Reflect  .   (no helmet)
rElec    .         Harm     .   (no cloak)
rCorr    .         Rampage  .   (no gloves)
Will     .....                  (no boots)
Stlth    +.........             (no amulet)
HPRegen  0.09/turn              d - +4 ring of protection
MPRegen  0.11/turn              (no ring)

@: wereblooded
A: high mp 1, forlorn
a: no special abilities


You were on level 2 of the Dungeon.
You visited 1 branch of the dungeon, and saw 3 of its levels.

You collected 52 gold pieces.

Inventory:

Armour
 a - a +1 robe (worn)
Magical Staves
 c - a staff of death
Jewellery
 d - a +4 ring of protection (left hand)
Scrolls
 b - a scroll of enchant armour


   Skills:
 + Level 0.8 Fighting
 + Level 2.1 Dodging
 + Level 0.6 Stealth
 + Level 3.6 Unarmed Combat
 + Level 2.0 Spellcasting
 + Level 2.2 Transmutations


You had 4 spell levels left.
You knew the following spells:

 Your Spells              Type           Power      Damage    Failure   Level
b - Wereblood             Tmut           7%         N/A       14%         2

Your spell library contained the following spells:

 Spells                   Type           Power      Damage    Failure   Level
 Beastly Appendage        Tmut           14%        N/A       10%         1
 Spider Form              Tmut/Pois      2%         N/A       41%         3
 Gell's Gravitas          Tloc           0%         N/A       56%         3
 Teleport Other           Tloc           1%         N/A       56%         3
 Ice Form                 Ice/Tmut       4%         N/A       83%         4
 Dispersal                Tloc           0%         N/A       100%        6


Dungeon Overview and Level Annotations

Branches:
Dungeon (3/15)


Innate Abilities, Weirdness & Mutations

Your attributes grow dramatically as you level up.
You have an increased reservoir of magic. (+10% MP)
You shall have no god before yourself.


Message History

A goblin and a gnoll come into view.
The goblin shouts!
The gnoll shouts! x2
A gnoll comes into view. It is wielding a +0 whip.
A gnoll comes into view. It is wielding a +0 spear.
The gnoll shouts!
Casting: Wereblood (safe; 14% risk of failure)
Confirm with . or Enter, or press ? or * to list all spells.
Your blood is infused with primal strength.
The gnoll closely misses you. The gnoll barely misses you.
You hit the gnoll.
The gnoll is lightly wounded.
The gnoll hits you with a +0 spear.
You hit the gnoll but do no damage.
The gnoll is lightly wounded.
The gnoll barely misses you. The gnoll hits you but does no damage.
You hit the gnoll but do no damage.
The gnoll is lightly wounded.
The gnoll hits you with a +0 club! The gnoll hits you with a +0 spear.
* * * LOW HITPOINT WARNING * * *
The gnoll hits you from afar with a +0 spear.
* * * LOW HITPOINT WARNING * * *
There is a stone staircase leading up here.
The gnoll barely misses you. The gnoll hits you but does no damage.
You climb upwards.
There is a stone staircase leading down here.
You hit the gnoll but do no damage. The gnoll barely misses you.
You barely miss the gnoll. The gnoll hits you with a +0 club.
* * * LOW HITPOINT WARNING * * *
You hit the gnoll.
The gnoll is moderately wounded.
The gnoll hits you with a +0 club.
* * * LOW HITPOINT WARNING * * *
You barely miss the gnoll.
The gnoll is moderately wounded.
The gnoll hits you but does no damage.
You barely miss the gnoll.
The gnoll is moderately wounded.
The gnoll hits you with a +0 club.
You die...

.....................##....÷.....
.................#.#.............
.................#.#.##..........
.#...............#.#.##.....##''#
.................#.#.......##≈..≈
.................)......#.##≈≈..≈
...............##...##....#≈≈♣♣.♣
..............##....#...#.+..♣.♣.
........#.....#.@.........+...♣.♣
....#####......g..........#≈≈♣.♣♣
..#..# #.................##≈≈..≈
..##.####.....#............##≈..≈
..##.##.......#.............##)'#
..##..#.......##.................
#####..##.....######.....#.#.....
##.######## #......#.#.....
#.#### #####.#....#..###.#


You could see a gnoll.

Vanquished Creatures
  2 adders (D:2)
  2 worms
  6 endoplasms
  2 giant cockroaches
  4 goblins
  A hobgoblin (D:2)
  2 kobolds
  3 quokkas
  4 ball pythons
  4 bats (D:2)
  3 frilled lizards
  2 rats (D:2)
35 creatures vanquished.

Vanquished Creatures (others)
  3 plants (D:3)
3 creatures vanquished.

Grand Total: 38 creatures vanquished

Notes
Turn   | Place    | Note
-------+----------+-------------------------------------------
     0 | D:1      | Grabarz the Demigod Transmuter began the quest for the Orb.
     0 | D:1      | Reached XP level 1. HP: 15/15 MP: 5/5
   715 | D:1      | Reached skill level 3 in Unarmed Combat
  1229 | D:1      | Reached XP level 2. HP: 15/22 MP: 5/7
  1787 | D:2      | Learned a level 2 spell: Wereblood
  2099 | D:2      | Reached XP level 3. HP: 16/27 MP: 6/8
  2856 | D:2      | HP: 1/27 [gnoll (3)]
  2858 | D:2      | Slain by a gnoll

Illustrated notes

Levels and vault maps discovered:
D:1:      evilmike_arrival_fibonacci_small, layout_basic,
          ebering_ecumenical_altar_petrified, grunt_decor_fettered
D:2:      layout_rooms, kennysheep_generic_room_3
D:3:      layout_basic, serial_bayou, serial_bayou_shore_a, serial_bayou_lake_a,
          serial_bayou_crossing, serial_bayou_ford_a,
          kennysheep_decorative_pillar

Skill      XL: |  1  2  3 |
---------------+----------+-----
Unarmed Combat | 3 |  3.6
Transmutations | 2 |  2.2
Dodging        | 2 |  2.1
Spellcasting   | 2 |  2.0
Fighting       | |  0.8
Stealth        | |  0.6

Action                   || total
-------------------------++-------
Melee: Unarmed           ||   128
       Headbutt          ||     5
       Kick              ||     4
       Punch             ||     2
 Cast: Beastly Appendage ||     9
       Wereblood         ||     7
  Use: Scroll            ||     6
       Potion            ||     2
 Stab: Sleeping          ||     1
Armor: Robe              ||    35
Dodge: Dodged            ||    74
